Map: Dusk Towers

Players

Miszu

  • Race: Terran Terran
  • League: Grandmaster

Geralt (Gerald) - Winner!

  • Race: Protoss Protoss
  • League: Grandmaster

VOD

Have the link to the VOD?

Description

Time

  • Played on: May 20, 2016, 12:57 p.m.
  • Length: 13:52
Show
View Real Time Build Order
Export as new Build Order

Miszu Terran 

Build Orders: MMM Bio 

Get SALT Encoding   

  12  0:00  SCV  
  13  0:13  SCV  
  14  0:17  Supply Depot  
  14  0:25  SCV  
  15  0:39  Barracks, SCV  
  16  0:51  SCV  
  17  1:03  SCV  
  18  1:14  Command Center  
  19  1:27  Marine  
  19  1:28  Orbital Command  
  19  1:38  Barracks  
  19  1:45  Marine  
  20  1:50  Barracks  
  20  1:53  SCV  
  21  2:02  Marine  
  22  2:10  SCV  
  22  2:13  Refinery x2  
  23  2:25  SCV, Orbital Command  
  23  2:27  Marine  
  23  2:28  Marine  
  26  2:38  Marine  
  26  2:40  SCV  
  28  2:46  Barracks Tech Lab  
  28  2:47  Marine  
  28  2:50  SCV  
  30  2:52  SCV  
  30  2:56  Marine  
  32  3:01  Supply Depot  
  32  3:03  SCV  
  32  3:04  SCV  
  32  3:05  Stimpack  
  34  3:07  Marine  
  34  3:09  Marine  
  36  3:15  SCV  
  36  3:17  Marine  
  38  3:23  SCV  
  38  3:25  Marine  
  40  3:29  Supply Depot  
  40  3:31  SCV  
  42  3:35  Marine, SCV  
  42  3:37  Factory  
  42  3:39  Marauder  
  45  3:43  SCV  
  46  3:50  Marine, SCV  
  46  3:53  Supply Depot  
  48  3:55  SCV  
  48  3:56  Marine  
  48  4:00  Marine  
  51  4:03  SCV  
  51  4:05  Refinery  
  52  4:10  Engineering Bay  
  52  4:12  SCV  
  52  4:15  SCV  
  54  4:18  Marine  
  54  4:20  Marauder  
  54  4:21  Starport, Factory Reactor  
  57  4:24  SCV  
  57  4:26  Supply Depot  
  57  4:27  SCV  
  57  4:30  Marine  
  53  4:40  Missile Turret  
  49  4:49  Missile Turret  
  49  4:51  SCV  
  49  4:52  SCV  
  50  4:59  Barracks Reactor  
  50  5:04  SCV x2  
  50  5:05  Barracks Tech Lab  
  52  5:09  Medivac  
  52  5:10  Medivac  
  56  5:14  Marine  
  56  5:16  SCV x2  
  59  5:21  Terran Infantry Weapons Level 1  
  59  5:22  Factory Reactor  
  59  5:24  Marine  
  59  5:28  SCV x2  
  62  5:30  Supply Depot  
  62  5:33  Supply Depot  
  62  5:39  Combat Shields  
  62  5:51  Marine, SCV  
  62  5:53  Marine x2  
  62  5:54  Marauder  
  62  5:55  Command Center  
  68  5:57  SCV  
  68  5:58  Supply Depot  
  69  6:09  Marine  
  69  6:10  Barracks  
  70  6:12  SCV  
  70  6:13  Refinery, Medivac, Barracks  
  70  6:15  Medivac  
  75  6:25  Marine x2  
  77  6:26  Widow Mine x2  
  77  6:30  Supply Depot  
  77  6:31  SCV  
  77  6:32  Supply Depot  
  82  6:33  Marine  
  81  6:40  SCV  
  81  6:42  Marine  
  81  6:43  Marine x2  
  85  6:51  Medivac x2  
  89  6:59  SCV x2  
  89  7:02  Supply Depot  
  89  7:04  Supply Depot  
  89  7:10  Engineering Bay  
  89  7:11  Orbital Command, SCV x2, Armory  
  89  7:13  Missile Turret  
  91  7:20  Marine, Marauder  
  94  7:23  SCV x2  
  96  7:35  Medivac, Widow Mine x2, SCV  
  96  7:36  Medivac, SCV  
  106  7:38  Terran Infantry Armor Level 1  
  106  7:39  SCV  
  106  7:43  Supply Depot  
  107  7:44  Barracks Reactor  
  107  7:45  Barracks Tech Lab  
  107  7:47  SCV  
  107  7:48  SCV  
  107  7:51  SCV  
  110  7:52  Marauder  
  112  7:58  Marine  
  112  7:59  Marine, Marauder  
  116  8:07  Marauder, Terran Infantry Weapons Level 2  
  116  8:09  Supply Depot  
  116  8:11  Supply Depot  
  118  8:13  Marine  
  118  8:16  Marine x2  
  118  8:19  Marine  
  120  8:27  Marine  
  120  8:31  Marine  
  120  8:34  Marine x2  
  119  8:39  Marine, Marauder  
  119  8:40  Marine, Widow Mine x2  
  123  8:41  Medivac x2  
  123  8:45  Refinery, Barracks  
  123  8:46  Supply Depot, Refinery, Barracks x2  
  127  8:55  Marine  
  127  8:56  Marine x2, Marauder  
  127  8:57  Marine x2  
  127  9:00  Marine  
  135  9:13  Marine  
  135  9:14  Marine, Marauder  
  135  9:15  Marine x2  
  135  9:17  Marine  
  141  9:18  Marine  
  141  9:22  Medivac x2, Widow Mine x2  
  151  9:31  Marine x2  
  147  9:32  Barracks Tech Lab  
  147  9:33  Marine x2, Barracks Tech Lab  
  147  9:34  Marine  
  147  9:35  Barracks Reactor, Marine  
  147  9:36  Marine  
  154  9:39  Ghost Academy, Command Center  
  154  9:49  Marine x2  
  156  9:54  Medivac x2  
  156  9:55  Marine x4  
  156  9:59  Marauder  
  164  10:00  Marauder  
  157  10:11  Marauder  
  145  10:17  Marine x2  
  145  10:18  Marine x6, Widow Mine  
  145  10:20  Marine  
  145  10:21  Marine  
  139  10:35  Marine x4  
  136  10:38  Marine, Marauder  
  136  10:40  Marine x2, Marauder  
  135  10:43  Ghost x2  
  135  10:45  Terran Infantry Armor Level 2  
  132  10:53  Marine x2  
  132  10:54  Planetary Fortress  
  134  10:58  Marine x4, Ghost  
  134  10:59  Marine  
  134  11:01  Marine  
  140  11:05  Medivac x2, Widow Mine  
  140  11:10  Marine  
  147  11:12  Terran Infantry Weapons Level 3  
  147  11:13  Marine  
  147  11:14  Marine  
  149  11:23  Marine  
  149  11:24  Marine  
  149  11:25  Marine x2  
  152  11:26  Marine x3  
  152  11:27  Marine  
  152  11:28  Marine  
  152  11:30  Marine  
  152  11:31  Ghost  
  119  12:02  Marine x10, Marauder  
  102  12:19  Marine  
  102  12:20  Marine x8  
  102  12:21  Marauder  
  111  12:23  Marine  
  111  12:27  Orbital Command  
  97  12:30  Medivac  
  97  12:31  Medivac  
  97  12:37  Marine  
  97  12:38  Marine x6, Ghost  
  97  12:41  Marine x2  
  94  12:54  Ghost  
  94  12:55  Marine x2  
  94  12:56  Marine x3  
  99  12:58  Widow Mine x2  
  99  13:00  Medivac  
  99  13:01  Medivac  
  99  13:04  SCV x3  
  108  13:15  Ghost x2  
  108  13:16  SCV  
  108  13:17  Ghost  
  113  13:25  Marauder  
Show
View Real Time Build Order
Export as new Build Order

Geralt Protoss - Winner!

Build Orders: Oracle Opening 

Get SALT Encoding   

  12  0:00  Probe (Chrono Boost)  
  13  0:11  Probe (Chrono Boost)  
  14  0:19  Pylon  
  14  0:22  Probe (Chrono Boost)  
  15  0:37  Gateway, Probe (Chrono Boost)  
  15  0:41  Assimilator  
  16  0:47  Probe (Chrono Boost)  
  17  0:58  Probe (Chrono Boost)  
  18  1:08  Probe (Chrono Boost)  
  19  1:13  Pylon  
  19  1:19  Probe (Chrono Boost)  
  20  1:28  Cybernetics Core  
  20  1:30  Probe (Chrono Boost)  
  21  1:44  Probe (Chrono Boost)  
  22  1:50  Nexus  
  22  1:54  Probe (Chrono Boost)  
  22  1:59  Assimilator  
  23  2:05  Adept (Chrono Boost), Probe (Chrono Boost)  
  25  2:15  Stargate  
  25  2:19  Probe  
  26  2:25  Pylon  
  26  2:31  Probe  
  27  2:40  Adept (Chrono Boost)  
  27  2:43  Probe  
  30  2:55  Probe  
  31  2:59  Oracle (Chrono Boost)  
  31  3:02  Probe  
  35  3:07  Probe  
  35  3:08  Adept  
  38  3:13  Probe  
  38  3:14  Warp Gate  
  38  3:16  Assimilator  
  38  3:19  Pylon  
  39  3:26  Probe  
  39  3:27  Probe  
  41  3:35  Oracle (Chrono Boost)  
  41  3:36  Probe  
  41  3:39  Probe  
  46  3:47  Probe  
  46  3:50  Forge  
  46  3:55  Probe  
  48  4:00  Probe  
  49  4:05  Robotics Facility  
  49  4:07  Mothership Core  
  51  4:10  Probe, Assimilator  
  52  4:18  Phoenix (Chrono Boost)  
  52  4:21  Probe  
  55  4:28  Probe, Pylon, Protoss Ground Armor Level 1  
  56  4:31  Probe  
  57  4:40  Probe  
  57  4:42  Probe  
  59  4:49  Pylon, Phoenix (Chrono Boost)  
  59  4:50  Pylon  
  59  4:52  Probe  
  58  4:53  Probe  
  58  4:58  Observer  
  61  5:03  Probe  
  61  5:04  Gateway  
  61  5:05  Probe  
  63  5:07  Gateway  
  63  5:13  Probe  
  63  5:17  Probe  
  63  5:18  Phoenix (Chrono Boost)  
  67  5:24  Probe  
  67  5:25  Nexus  
  68  5:29  Probe  
  68  5:34  Probe  
  66  5:38  Immortal  
  66  5:41  Probe  
  72  5:43  Twilight Council  
  72  5:47  Phoenix (Chrono Boost)  
  74  5:50  Probe  
  73  5:58  Pylon  
  73  5:59  Pylon  
  73  6:00  Pylon  
  73  6:08  Zealot, Phoenix (Chrono Boost), Probe  
  73  6:09  Adept  
  73  6:11  Sentry  
  82  6:14  Probe  
  83  6:21  Immortal  
  87  6:28  Probe  
  87  6:29  Charge  
  88  6:38  Probe  
  88  6:40  Protoss Ground Armor Level 2  
  88  6:42  Probe  
  88  6:43  Probe, Zealot x3  
  97  6:49  Probe  
  98  6:56  Probe  
  98  6:57  Probe  
  98  6:58  Phoenix (Chrono Boost)  
  98  6:59  Probe  
  103  7:06  Assimilator  
  103  7:10  Gateway x2, Assimilator  
  103  7:16  Immortal  
  103  7:17  Probe  
  103  7:20  Probe  
  103  7:21  Probe, Photon Cannon  
  109  7:27  Templar Archives  
  110  7:33  Phoenix (Chrono Boost)  
  112  7:39  Probe  
  112  7:41  Pylon  
  113  7:44  Gateway  
  113  7:47  Gateway x2  
  113  7:48  Zealot x2  
  117  7:53  Psionic Storm  
  117  7:54  Zealot  
  117  7:56  Phoenix (Chrono Boost)  
  121  8:06  Immortal  
  121  8:07  Pylon  
  121  8:09  High Templar  
  121  8:10  High Templar  
  129  8:17  Pylon  
  129  8:18  Pylon  
  117  8:28  Archon  
  114  8:39  Mothership Core  
  114  8:40  Probe  
  114  8:42  Nexus  
  114  8:47  Pylon  
  114  8:48  Pylon  
  115  8:52  Photon Cannon  
  115  8:54  Zealot x4  
  115  8:55  Probe  
  124  9:04  Pylon  
  124  9:05  Phoenix  
  124  9:08  Probe  
  117  9:12  Probe  
  117  9:13  Probe  
  119  9:18  Photon Cannon  
  119  9:22  Immortal  
  123  9:26  Probe x3  
  126  9:31  High Templar  
  126  9:32  High Templar x3, Zealot x3  
  126  9:37  Robotics Bay  
  140  9:42  Probe  
  141  9:47  Photon Cannon, Probe  
  141  9:48  Probe  
  143  9:54  Probe  
  144  10:04  Zealot x5  
  143  10:19  Probe  
  143  10:21  Probe  
  140  10:31  Zealot x4  
  140  10:32  Zealot x3  
  148  10:42  Probe  
  137  10:43  Probe  
  137  10:44  Probe x2  
  137  10:49  High Templar  
  143  10:50  Disruptor  
  143  10:52  Probe  
  143  10:53  High Templar x2  
  143  10:54  High Templar x2  
  155  10:58  Archon x2  
  155  11:00  Probe x2  
  155  11:02  Phoenix, Probe  
  160  11:10  Probe  
  160  11:17  Probe  
  162  11:23  Zealot x2  
  162  11:24  High Templar, Pylon  
  168  11:26  Disruptor  
  168  11:27  Phoenix  
  173  11:39  Photon Cannon  
  142  11:58  Zealot  
  142  11:59  Zealot x6  
  149  12:03  Probe  
  149  12:05  Probe  
  129  12:19  Zealot x4  
  129  12:20  Zealot  
  125  12:26  Zealot x2  
  125  12:28  Probe  
  125  12:29  Probe  
  115  12:46  High Templar x2, Stalker  
  115  12:47  High Templar  
  115  12:49  Probe  
  124  12:53  Archon  
  124  12:54  High Templar  
  124  12:58  High Templar x2  
  130  13:19  High Templar x3  
Tags
 
Add a new tag
Caveats
  • Supply blocks, unpowered buildings, or Contaminate may cause inaccurate times.
  • Supply counts are checked every 10 seconds.